 Dungeon Crawl Stone Soup version 0.23-a0-169-gb21e695 (console) character file.

180 nht the Firebug (level 5, 0/38 HPs)
             Began as a Hill Orc Fire Elementalist on Sept 11, 2018.
             Slain by an orc
             ... wielding a +0 hand axe
              (7 damage)
             ... on level 4 of the Dungeon.
             The game lasted 00:09:21 (3034 turns).

nht the Firebug (Hill Orc Fire Elementalist)        Turns: 3034, Time: 00:09:22

Health: 0/38       AC:  3    Str: 11    XL:     5   Next: 60%
Magic:  4/7        EV: 17    Int: 16    God:
Gold:   211        SH:  0    Dex: 16    Spells: 4/7 levels left

rFire    . . .     SeeInvis .   d - +1 spear (freeze)
rCold    . . .     Gourm    .   (no shield)
rNeg     . . .     Faith    .   a - +0 robe
rPois    .         Spirit   .   (no helmet)
rElec    .         Reflect  .   (no cloak)
rCorr    .         Harm     .   e - +0 pair of gloves
MR       .....                  (no boots)
Stlth    +++.......             (no amulet)
HPRegen  0.12/turn              (no ring)
MPRegen  0.10/turn              (no ring)

@: agile, very slightly contaminated, drained
A: no striking features
a: no special abilities


You were on level 4 of the Dungeon.
You were not hungry.

You visited 1 branch of the dungeon, and saw 4 of its levels.

You collected 211 gold pieces.

Inventory:

Hand Weapons
 d - a +1 spear of freezing (weapon)
 l - a +2 dagger of freezing
Armour
 a - a +0 robe (worn)
 e - a +0 pair of gloves (worn)
Jewellery
 h - an uncursed amulet of harm
Scrolls
 b - 2 scrolls of remove curse
 n - 2 scrolls of noise
Potions
 f - 2 potions of invisibility
 g - a potion of ambrosia
 j - a potion of resistance
 s - a potion of mutation {unknown}
Comestibles
 c - 4 rations
 i - 2 chunks of flesh


   Skills:
 - Level 1.5(1.3) Dodging
 - Level 1.5(1.3) Stealth
 - Level 1.5(1.3) Spellcasting
 + Level 3.7(3.4) Conjurations
 + Level 5.2(5.0) Fire Magic


You had 4 spell levels left.
You knew the following spells:

 Your Spells              Type           Power        Failure   Level  Hunger
a - Flame Tongue          Conj/Fire      ##...        4%          1    ##.....
b - Throw Flame           Conj/Fire      ##....       6%          2    ###....

Your spell library contained the following spells:

 Spells                   Type           Power        Failure   Level  Hunger
 Conjure Flame            Conj/Fire      ##......     12%         3    ####...
 Inner Flame              Hex/Fire       #.......     24%         3    ####...
 Sticky Flame             Conj/Fire      ##......     36%         4    #####..
 Fireball                 Conj/Fire      ##........   73%         5    ######.


Dungeon Overview and Level Annotations

Branches:
Dungeon (4/15)
 Temple: D:4-7

Altars:
Xom
Yredelemnul
The Shining One

Shops:
D:4 :

Annotations:
D:2 Sigmund
D:4 Grinder


Message History

The orc shouts!
An orc wizard comes into view. It is wielding a dagger.
The orc wizard shouts!
The orc hits you with a club.
An orc comes into view. It is wielding a hand axe.
The orc hits you with a trident! The orc hits you with a short sword.
The orc hits you but does no damage. The orc barely misses you.
The orc hits you but does no damage. The orc hits you with a club.
The orc hits you with a trident!
* * * LOW HITPOINT WARNING * * *
The orc hits you but does no damage. The orc barely misses you.
You can move again.
Okay, then.
It was a potion of agility.
You feel agile all of a sudden. The orc completely misses you.
The orc barely misses you. The orc wizard barely misses you.
The orc hits you with a hand axe!
You die...

....██ .█.██ .......
.█.█ ....... .█.█
....... .█.█ .
....... .█.█ ..
....... ██.█
.██.████....... █.█
........o..█ █.█
█......@o..█ █.█
█.....ooo..█ ██.██
█..........█ ██..█
█..........█ .██.███
█..........█
......████..........█
.██.█>............███
.██.██████....█████
....█ █.█<██


You could see an orc wizard and 4 orcs.

Vanquished Creatures
  A worker ant (D:4)
  Natasha (thrice) (D:4)
  An adder (D:4)
  An adder skeleton (D:4)
  2 worms (D:2)
  2 dart slugs (D:1)
  3 leopard geckos
  An orc (D:3)
  A giant cockroach (D:3)
  9 goblins
  2 hobgoblins (D:1)
  4 jackals (D:1)
  9 kobolds
  2 quokkas
  4 bats
  3 frilled lizards
  A jackal skeleton (D:4)
  11 rats
60 creatures vanquished.

Vanquished Creatures (others)
  A bat (D:3)
1 creature vanquished.

Grand Total: 61 creatures vanquished

Notes
Turn   | Place    | Note
-------+----------+-------------------------------------------
     0 | D:1      | nht the Hill Orc Fire Elementalist began the quest for the
                  | Orb.
     0 | D:1      | Reached XP level 1. HP: 14/14 MP: 3/3
   278 | D:1      | Reached XP level 2. HP: 15/20 MP: 0/4
   667 | D:1      | Reached XP level 3. HP: 8/26 MP: 0/5
   739 | D:1      | Reached skill level 4 in Fire Magic
  1276 | D:2      | Learned a level 2 spell: Throw Flame
  1433 | D:2      | Found a shimmering altar of Xom.
  1503 | D:2      | Noticed Sigmund
  2131 | D:3      | Reached XP level 4. HP: 33/33 MP: 2/6
  2471 | D:3      | Found a glowing golden altar of the Shining One.
  2477 | D:3      | Found a basalt altar of Yredelemnul.
  2480 | D:3      | Noticed a profane servitor
  2491 | D:3      | Noticed an angel
  2849 | D:4      | Noticed Natasha
  2853 | D:4      | Killed Natasha
  2853 | D:4      | Reached XP level 5. HP: 38/38 MP: 1/7
  2898 | D:4      | Noticed Natasha
  2906 | D:4      | Killed Natasha
  2906 | D:4      | Reached skill level 5 in Fire Magic
  2952 | D:4      | Found Caneluoss's Book Shoppe.
  2977 | D:4      | Noticed Natasha
  2984 | D:4      | Killed Natasha
  3019 | D:4      | Noticed Grinder
  3028 | D:4      | Paralysed by Grinder for 6 turns
  3034 | D:4      | Slain by an orc

Vault maps used:
D:1:      kilobyte_arrival_exit_the_forest, minivault_27, minmay_tetromino_t4
D:2:      lemuel_doored_altar, uniq_sigmund
D:3:      grunt_temple_overflow_holy_war
D:4:      first_ration, serial_shops, shop, kennysheep_generic_room_9,
          uniq_grinder, uniq_natasha

Skill      XL: |  1  2  3  4  5 |
---------------+----------------+-----
Conjurations   | 2 3 |  3.7
Fire Magic     | 4 5 |  5.2
Dodging        | |  1.5
Stealth        | |  1.5
Spellcasting   | |  1.5

Action                   |  1- 3 |  4- 6 || total
-------------------------+-------+-------++-------
Melee: Unarmed           |    18 |       ||    18
       Spear             |    10 |     6 ||    16
 Cast: Flame Tongue      |    83 |    30 ||   113
       Throw Flame       |       |     2 ||     2
  Use: Scroll            |     4 |     7 ||    11
       Potion            |       |     3 ||     3
  Eat: Chunk             |     7 |     5 ||    12
Armor: Robe              |    20 |    11 ||    31
Dodge: Dodged            |    55 |    15 ||    70

Table legend:
 A = Non-vault XP
 B = Vault XP
 C = Vault XP percentage of total XP
 D = Non-vault monster count
 E = Vault monster count
 F = Vault count percentage of total count
                 A         B        C        D         E       F
            +---------+---------+-------+---------+---------+-------
      Total |     216 |      42 |  16.3 |      55 |       5 |   8.3
            +---------+---------+-------+---------+---------+-------
        D:1 |      36 |       7 |  16.3 |      21 |       4 |  16.0
        D:2 |      28 |       0 |   0.0 |      13 |       0 |   0.0
        D:3 |      25 |       0 |   0.0 |      15 |       0 |   0.0
        D:4 |     127 |      35 |  21.6 |       6 |       1 |  14.3
            +---------+---------+-------+---------+---------+-------
